 Dungeon Crawl Stone Soup version 0.29.1-12-g30fa7ad0bf (webtiles) character file.

Game seed: 1454265898161803255

102 raph the Stinger (level 4, 0/30 HPs)
             Began as a Merfolk Venom Mage on Jan 8, 2023.
             Slain by an orc
             ... wielding a +0 hand axe
              (2 damage)
             ... on level 3 of the Dungeon.
             The game lasted 00:05:52 (3239 turns).

raph the Stinger (Merfolk Venom Mage)               Turns: 3239, Time: 00:05:53

Health: 0/30       AC:  3    Str:  8    XL:     4   Next: 78%
Magic:  1/8        EV: 16    Int: 16    God:
Gold:   100        SH:  0    Dex: 14    Spells: 2/8 levels left

rFire   . . .      SeeInvis .   f - +2 dagger (flame)
rCold   . . .      Faith    .   (no shield)
rNeg    . . .      Spirit   .   a - +0 robe
rPois   .          Reflect  .   (no helmet)
rElec   .          Harm     .   l - +0 cloak
rCorr   .          Rampage  .   (no gloves)
Will    .....                   (no boots)
Stlth   ++........              (no amulet)
HPRegen 0.10/turn               j - +4 ring of evasion
MPRegen 0.11/turn               (no ring)

@: mighty
A: (nimble swimmer 2), mertail
a: no special abilities


You were on level 3 of the Dungeon.
You visited 1 branch of the dungeon, and saw 3 of its levels.

You collected 100 gold pieces.

Inventory:

Hand Weapons
 c - a +0 dagger
 f - a +2 dagger of flaming (weapon)
Missiles
 d - 4 javelins
Armour
 a - a +0 robe (worn)
 l - a +0 cloak (worn)
Jewellery
 j - a +4 ring of evasion (left hand)
Scrolls
 e - 2 scrolls of magic mapping
 g - a scroll of teleportation
 i - a scroll of amnesia
 q - 2 scrolls of fear
Potions
 b - 2 potions of berserk rage
 h - a potion of curing {unknown}
 n - a potion of attraction {unknown}
 p - a potion of resistance


   Skills:
 - Level 2.6 Dodging
 - Level 2.1 Stealth
 + Level 2.7 Spellcasting
 - Level 1.3 Transmutations
 * Level 5.4 Poison Magic


You had 2 spell levels left.
You knew the following spells:

 Your Spells              Type           Power      Damage    Failure   Level
a - Sting                 Tmut/Pois      52%        1d5       4%          1
b - Poisonous Vapours     Pois/Air       20%        N/A       10%         2
c - Mephitic Cloud        Conj/Pois/Air  7%         N/A       28%         3

Your spell library contained the following spells:

 Spells                   Type           Power      Damage    Failure   Level
 Summon Small Mammal      Summ           8%         N/A       19%         1
 Blink                    Tloc           4%         N/A       28%         2
 Olgreb's Toxic Radiance  Pois           19%        N/A       21%         4
 Ignite Poison            Fire/Tmut/Pois 9%         N/A       22%         3
 Freezing Cloud           Conj/Ice/Air   1%         6-21      99%         5
 Manifold Assault         Tloc           2%         N/A       99%         5
 Storm Form               Tmut/Air       2%         N/A       100%        7


Dungeon Overview and Level Annotations

Branches:
Dungeon (3/15)

Altars:
Makhleb

Annotations:
D:3 Jessica, Natasha


Innate Abilities, Weirdness & Mutations

((You are very nimble when in or above water. (Stealth+, EV+, Speed+++)))
Your lower body shifts to a powerful aquatic tail in water.


Message History

An orc comes into view. It is wielding a +0 hand axe.
The orc misses you.
The orc shouts!
You hit the orc. You burn the orc.
The orc is severely wounded.
You hear a shout!
The orc misses you.
An orc wizard comes into view. It is wielding a +0 dagger.
You hit the orc. You burn the orc.
You kill the orc!
Casting: Poisonous Vapours (safe; 10% risk of failure)
Confirm with . or Enter, or press ? or * to list all spells.
Aiming: Mephitic Cloud (quite dangerous; 28% risk of failure)
Press: ? - help, Shift-Dir - straight line You miscast Mephitic Cloud.
You are very lightly contaminated with residual magic.
Nothing appears to happen.
Aiming: Sting (safe; 4% risk of failure)
Press: ? - help, Q - select action, (/) - cycle Shift-Dir - straight line, f - orc
Aim: an orc, wielding a +0 hand axe (71% to hit)
The sting hits the orc.
The orc is poisoned.
The orc is heavily wounded.
The orc priest calls down the wrath of Beogh upon you.
Beogh smites you!
Jessica the Apprentice Sorceress comes into view.
She is wielding a +1 dagger of draining.
The orc attacks as you move away! The orc hits you with a +0 hand axe.
Jessica shouts!
The orc looks more healthy.
Jessica points at you and mumbles some strange words.
Pain shoots through your body!
* * * LOW HITPOINT WARNING * * *
Natasha, Servant of Life and Death comes into view.
The orc wizard casts a spell.
The orc wizard flickers and vanishes!
Deactivating autopickup; reactivate with Ctrl-A.
Your magical contamination has completely faded away.
It was a potion of might.
You feel very mighty all of a sudden. The orc hits you with a +0 hand axe.
You die...

,,,,#####...#.......#,*#,* *,*
***,..............###..#,* *,**
**########.........#,*,* *,,* **
##.)....##...,,** **,* .*
###....##.#####..,* *,* .*
#oo...###...@....,** *,* **
#####.#######._.###..,,***,*
#####.....# #o...# **,*,,,,,**
....).###.# #@#### *,****,,,*
..........# *#.#**** *,******,,
.......#### *...,,,* *,,,* ***
.......#******#....,,* ***,*
.........,,,,,......,* *,*
.......###***##....h.*****,*****
.......# #......#*,,,,,,,,*
..(...## #......#*,,,,,,,,*
.....## ****,,,,,,,,,,,,,*


You could see Natasha, Jessica and an orc.

Vanquished Creatures
  4 adders
  A dart slug (D:3)
  An orc (D:3)
  7 ball pythons
  6 endoplasms
  5 giant cockroaches
  4 goblins
  5 hobgoblins
  8 jackals (D:1)
  4 kobolds
  4 quokkas
  4 bats (D:1)
  A frilled lizard (D:1)
  A rat (D:1)
55 creatures vanquished.

Vanquished Creatures (others)
  A plant (D:1)
1 creature vanquished.

Grand Total: 56 creatures vanquished

Notes
Turn   | Place    | Note
-------+----------+-------------------------------------------
     0 | D:1      | raph the Merfolk Venom Mage began the quest for the Orb.
     0 | D:1      | Reached XP level 1. HP: 13/13 MP: 3/3
    88 | D:1      | Reached XP level 2. HP: 18/19 MP: 3/5
    99 | D:1      | Reached skill level 4 in Poison Magic
   256 | D:1      | Learned a level 2 spell: Poisonous Vapours
   752 | D:1      | Found a faded altar of an unknown god.
   810 | D:1      | Got Plato's Textbook on Formation
   975 | D:1      | Reached XP level 3. HP: 24/24 MP: 1/6
  1037 | D:1      | Learned a level 3 spell: Mephitic Cloud
  1930 | D:2      | Reached skill level 5 in Poison Magic
  1930 | D:2      | Reached XP level 4. HP: 30/30 MP: 0/7
  2878 | D:2      | Identified the +0 ring mail of the Tarantula {rF+ Will++}
  3164 | D:3      | Found a burning altar of Makhleb.
  3234 | D:3      | Noticed Jessica
  3238 | D:3      | Noticed Natasha
  3239 | D:3      | Slain by an orc

Illustrated notes

Levels and vault maps discovered:
D:1:      reono_arrival_forest_river, layout_loops_cross,
          serial_co_window_serial, co_window_paths_a,
          co_window_of_opportunity_a, co_window_paths_a, co_window_paths_b,
          co_window_of_opportunity_a, co_window_corner_a, co_window_corner_a,
          co_window_unsneaky_path_b, co_window_corner_b,
          co_window_of_opportunity_c, co_window_corner_cb, co_window_corner_cb,
          co_window_paths_d, shapermc_ecumenical_altar_rom_forum,
          chequers_serial_rivers_micro_c
D:2:      layout_basic, minmay_crystal_room, minmay_heptomino_h4
D:3:      layout_rooms, bloody_makhleb, kennysheep_generic_room_7, uniq_natasha,
          uniq_jessica

Skill      XL: |  1  2  3 |
---------------+----------+-----
Poison Magic   | 4 5 |  5.4
Dodging        | |  2.6
Stealth        | |  2.1
Spellcasting   | |  2.7
Transmutations | |  1.3

Action                   |  1- 3 |  4- 6 || total
-------------------------+-------+-------++-------
Melee: Dagger            |    16 |    11 ||    27
 Cast: Sting             |    63 |    16 ||    79
       Poisonous Vapours |     8 |    18 ||    26
  Use: Potion            |     1 |     1 ||     2
       Scroll            |       |     7 ||     7
Armor: Robe              |    12 |     1 ||    13
Dodge: Dodged            |    62 |    17 ||    79
